 Dungeon Crawl Stone Soup version 0.27-a0-1144-g0b7d3b79db (webtiles) character file.

Game seed: 12523039937419792219

10633 freelancePsychic the Severer (level 11, -9/145 HPs)
             Began as a Minotaur Hunter on May 10, 2021.
             Was a Follower of Uskayaw.
             Mangled by Sonja
             ... wielding a +2 dagger of distortion
              (15 damage)
             ... on level 10 of the Dungeon.
             The game lasted 00:34:45 (12882 turns).

freelancePsychic the Severer (Minotaur Hunter)     Turns: 12882, Time: 00:34:46

Health: -9/145     AC: 11    Str: 20    XL:     11   Next: 38%
Magic:  14/14      EV: 25    Int:  8    God:    Uskayaw [*.....]
Gold:   479        SH:  0    Dex: 11    Spells: 10/10 levels left

rFire    . . .     SeeInvis .   b - +2 battleaxe (freeze)
rCold    + + .     Faith    .   (shield currently unavailable)
rNeg     . . .     Spirit   .   M - +3 scale mail {rC+}
rPois    +         Reflect  .   (helmet restricted)
rElec    .         Harm     .   D - +0 cloak
rCorr    .         Rampage  .   (no gloves)
Will     +....                  k - +0 pair of boots
Stlth    ..........             x - amulet of the acrobat
HPRegen  0.34/turn              t - ring of poison resistance
MPRegen  0.14/turn              A - ring "Enguxaad" {rC+ Will+}

@: berserking, lethally poisoned (-9 -> -10), acrobatic, slowed, studying Bows
A: horns 2, retaliatory headbutt
a: Renounce Religion, Stomp


You were on level 10 of the Dungeon.
You worshipped Uskayaw.
Uskayaw was noncommittal.
You visited 2 branches of the dungeon, and saw 12 of its levels.

You collected 479 gold pieces.

Inventory:

Hand Weapons
 a - a +1 shortbow
 b - a +2 battleaxe of freezing (weapon)
 f - a +0 short sword
 r - a +1 war axe of flaming
 E - a +5 battleaxe
 J - the +6 glaive "Ivorod" {holy, rElec rC++}
   (You took it off an orc wizard on level 10 of the Dungeon)

   It has been blessed by the Shining One to cause great damage to the undead
   and demons.
   It greatly protects you from cold.
   It insulates you from electricity.
Missiles
 d - 92 arrows
 y - 13 javelins (quivered)
 H - 3 curare-tipped darts
Armour
 k - a +0 pair of boots (worn)
 z - a +0 chain mail
 D - a +0 cloak (worn)
 M - a +3 scale mail of cold resistance (worn)
Jewellery
 t - a ring of poison resistance (left hand)
 x - an amulet of the acrobat (around neck)
 A - the ring "Enguxaad" (right hand) {rC+ Will+}
   (You acquired it on level 6 of the Dungeon)

   [ring of willpower]

   It protects you from cold.
   It increases your willpower.
Wands
 g - a wand of paralysis (4)
 i - a wand of charming (9)
 m - a wand of polymorph (10)
 v - a wand of flame (52)
 G - a wand of iceblast (4)
 L - a wand of digging (8)
Scrolls
 c - 3 scrolls of amnesia
 l - a scroll of vulnerability
 n - 2 scrolls of fog
 p - 4 scrolls of teleportation {@r4}
 q - a scroll of torment
 s - a scroll of enchant armour
 F - a scroll of blinking {unknown}
 I - 2 scrolls of enchant weapon
 K - a scroll of silence {unknown}
Potions
 e - 3 potions of ambrosia
 h - 3 potions of brilliance
 j - 2 potions of mutation
 o - 2 potions of attraction {unknown}
 u - 2 potions of resistance
 w - a potion of berserk rage
 C - 3 potions of lignification {unknown}


   Skills:
 - Level 9.1 Fighting
 * Level 16.7 Axes
 - Level 4.5 Bows
 - Level 2.2 Dodging
 - Level 0.8 Stealth
 - Level 6.6 Invocations


You had 10 spell levels left.
You didn't know any spells.
Your spell library contained the following spells:

 Spells                   Type           Power      Damage    Failure   Level
 Summon Small Mammal      Summ           0%         N/A       78%         1
 Call Imp                 Summ           0%         N/A       89%         2
 Poisonous Vapours        Pois/Air       0%         N/A       89%         2
 Call Canine Familiar     Summ           0%         N/A       98%         3
 Conjure Flame            Conj/Fire      0%         6-21      98%         3
 Mephitic Cloud           Conj/Pois/Air  0%         N/A       98%         3
 Summon Guardian Golem    Hex/Summ       0%         N/A       98%         3
 Summon Ice Beast         Ice/Summ       0%         N/A       100%        4
 Summon Lightning Spire   Summ/Air       0%         N/A       100%        4
 Freezing Cloud           Conj/Ice/Air   0%         6-21      100%        6


Dungeon Overview and Level Annotations

Branches:
Dungeon (11/15)            Temple (1/1) D:6             Orc (0/2) D:9
   Lair: D:8-11

Altars:
Ashenzari
Cheibriados
Dithmenos
Elyvilon
Fedhas
Gozag
Hepliaklqana
Kikubaaqudgha
Makhleb
Nemelex Xobeh
Okawaru
Qazlal
Ru
Sif Muna
Trog
Uskayaw
Vehumet
Wu Jian
Yredelemnul
Zin
The Shining One

Annotations:
D:7 exclusion: ice statue
D:8 3 runed translucent doors
D:10 Sonja


Innate Abilities, Weirdness & Mutations

You have a pair of horns on your head.
You reflexively headbutt those who attack you in melee.


Message History

You throw a throwing net.
The throwing net completely misses Sonja.
You feel very sick. Sonja hits you but does no damage. Space bends around you.
Sonja misses you. x2
Sonja hits you with a +2 dagger of distortion.
Space warps horribly around you!!
Sonja hits you with a +2 dagger of distortion.
Space bends around you.
* * * LOW HITPOINT WARNING * * *
Sonja hits you but does no damage.
Okay, then.
A red film seems to cover your vision as you go berserk!
You feel yourself moving faster!
You feel mighty!
You feel sick.
Sonja hits you with a +2 dagger of distortion.
* * * LOW HITPOINT WARNING * * *
Space bends around you.
* * * LOW HITPOINT WARNING * * *
Sonja closely misses you. Sonja hits you but does no damage.
Space bends around you.
* * * LOW HITPOINT WARNING * * *
Sonja closely misses you.
Sonja hits you with a +2 dagger of distortion.
* * * LOW HITPOINT WARNING * * *
Space warps horribly around you!
* * * LOW HITPOINT WARNING * * *
Sonja barely misses you.
You closely miss Sonja.
You feel sick.
Sonja hits you with a +2 dagger of distortion.
* * * LOW HITPOINT WARNING * * *
You blink.
Unknown command.
You are too berserk!
You are too berserk!
You feel sick.
Sonja twirls her cape.
Sonja hits you but does no damage. Space warps horribly around you!
You die...

.......[)###########.#
###..####........# #.#
#..####.######.# #.#
#...........##.# #.#
#....###.###.##.###.#
#.#..# #.# #.##.....# #
#.#..###.###.##)..... #
#.#..(........#....## ####
#.##@###.###..#.#..# #..
#.##K# #.# #..#.#..# #.# #.
.####.##(###.###..#.#..#
#.# #.
.#.....ยง..........#.#..#
#.#
#.#.#.##)######........#..#
##.###.#.#.##.#
##########..#
.........#.##.# .>.#
##.###...#.##.######.
#.####..#.#.........


You could see Sonja.

Vanquished Creatures
  Harold (D:8)
  A two-headed ogre (D:10)
  Urug (D:11)
  A cyclops (D:11)
  Maurice (D:7)
  A gargoyle (D:11)
  Psyche (D:11)
  3 unseen horrors
  A kobold demonologist (D:6)
  Sigmund (D:6)
  A wyvern (D:9)
  A wraith (D:9)
  A shadow (D:9)
  Eustachio (D:4)
  A basilisk (D:11)
  A water moccasin (D:7)
  An acid dragon (D:10)
  An ice beast (D:8)
  A sky beast (D:7)
  A necrophage (D:4)
  7 ogres
  7 orc warriors
  2 centaurs
  A phantom (D:5)
  10 kobold brigands
  Blork the orc (D:6)
  3 bullfrogs
  2 scorpions
  2 wyvern skeletons
  A water moccasin skeleton (D:5)
  8 wights
  The ghost of freelancePsychic the Shooter, a weakling MiHu of Uskayaw (D:6)
  3 killer bees
  2 howler monkeys
  A hound (D:5)
  3 bullfrog skeletons (D:5)
  4 centaur zombies
  4 orc priests
  A jelly (D:6)
  2 centaur skeletons
  A gnoll shaman (D:9)
  3 iguanas
  8 orc wizards
  A hound skeleton (D:4)
  A howler monkey zombie (D:5)
  5 gnolls (D:9)
  A howler monkey skeleton (D:5)
  7 adders
  A shadow imp (D:7)
  2 white imps
  3 ufetubi
  A worm (D:3)
  53 orcs
  6 ball pythons
  3 endoplasms
  5 giant cockroaches
  5 goblins
  5 hobgoblins
  9 kobolds
  3 quokkas
  8 bats
  A frilled lizard (D:1)
  11 rats
230 creatures vanquished.

Vanquished Creatures (others)
  A plant (D:2)
1 creature vanquished.

Grand Total: 231 creatures vanquished

Notes
Turn   | Place    | Note
-------+----------+-------------------------------------------
     0 | D:1      | freelancePsychic the Minotaur Hunter began the quest for
                  | the Orb.
     0 | D:1      | Reached XP level 1. HP: 18/18 MP: 0/0
   182 | D:1      | Reached skill level 1 in Axes
   182 | D:1      | Reached XP level 2. HP: 25/25 MP: 1/1
   607 | D:1      | Reached skill level 2 in Axes
   651 | D:1      | Found a faded altar of an unknown god.
   910 | D:2      | Reached XP level 3. HP: 30/31 MP: 2/2
  1484 | D:2      | Reached skill level 3 in Axes
  1998 | D:3      | Reached XP level 4. HP: 30/40 MP: 3/3
  2834 | D:3      | Reached skill level 4 in Axes
  2959 | D:3      | Reached XP level 5. HP: 46/46 MP: 4/4
  2992 | D:3      | You fall into a shaft and drop 3 floors!
  2999 | D:6      | Noticed an orc warrior
  3009 | D:6      | Found a staircase to the Ecumenical Temple.
  3018 | Temple   | Entered the Ecumenical Temple
  3061 | Temple   | Became a worshipper of Uskayaw the Reveller
  3093 | D:6      | Reached * piety under Uskayaw
  3114 | D:5      | Entered Level 5 of the Dungeon
  3136 | D:5      | Found an iron altar of Okawaru.
  3148 | D:5      | Reached ** piety under Uskayaw
  3385 | D:4      | Noticed an ogre
  3525 | D:5      | Reached skill level 5 in Axes
  3525 | D:5      | Reached skill level 1 in Invocations
  3668 | D:4      | Reached XP level 6. HP: 53/53 MP: 4/6
  3686 | D:4      | Reached *** piety under Uskayaw
  3705 | D:4      | Noticed Eustachio
  3718 | D:4      | Killed Eustachio
  3719 | D:4      | Reached skill level 5 in Fighting
  3719 | D:4      | Reached skill level 6 in Axes
  4146 | D:4      | Reached XP level 7. HP: 61/61 MP: 7/7
  4463 | D:4      | Reached skill level 7 in Axes
  4678 | D:5      | Reached **** piety under Uskayaw
  4740 | D:5      | Reached skill level 8 in Axes
  4740 | D:5      | Reached XP level 8. HP: 70/70 MP: 9/9
  5253 | D:5      | Reached skill level 9 in Axes
  5495 | D:6      | Noticed Sigmund
  5504 | D:6      | Killed Sigmund
  5534 | D:6      | Noticed Blork the orc
  5541 | D:6      | Killed Blork the orc
  5542 | D:6      | Reached skill level 5 in Invocations
  5590 | D:6      | Reached skill level 10 in Axes
  5596 | D:6      | Reached XP level 9. HP: 72/79 MP: 11/11
  5802 | D:6      | Found a runed translucent gate.
  5803 | D:6      | Found a runed translucent gate.
  5803 | D:6      | Found a runed translucent gate.
  5803 | D:6      | Noticed a kobold demonologist
  5803 | D:6      | Noticed freelancePsychic's ghost (weakling MiHu)
  6081 | D:6      | Killed a kobold demonologist
  6085 | D:6      | Reached ***** piety under Uskayaw
  6089 | D:6      | Reached ****** piety under Uskayaw
  6094 | D:6      | HP: 2/81 [freelancePsychic's ghost (8)]
  6095 | D:6      | Reached skill level 11 in Axes
  6107 | D:6      | Killed freelancePsychic's ghost
  6845 | D:6      | Identified a scroll of acquirement
  6845 | D:6      | Acquired the ring "Enguxaad" {rC+ Will+}
  7498 | D:7      | Noticed an ice statue
  8021 | D:8      | Reached skill level 12 in Axes
  8021 | D:8      | Reached XP level 10. HP: 85/91 MP: 13/13
  8114 | D:8      | Found an opulent altar of Gozag.
  8114 | D:8      | Found a blossoming altar of Fedhas.
  8123 | D:8      | Found a faded altar of an unknown god.
  8125 | D:8      | Found a glowing silver altar of Zin.
  8127 | D:8      | Found a faded altar of an unknown god.
  8193 | D:8      | Noticed Maurice
  8214 | D:7      | Killed Maurice
  8304 | D:8      | Noticed Harold
  8338 | D:8      | Killed Harold
  8339 | D:8      | Reached skill level 13 in Axes
  8677 | D:8      | Found a white marble altar of Elyvilon.
  8680 | D:8      | Found a sacrificial altar of Ru.
  8684 | D:8      | Found an ornate altar of the Wu Jian Council.
  8793 | D:8      | Found a runed translucent gate.
  8793 | D:8      | Found a runed translucent gate.
  8793 | D:8      | Found a runed translucent gate.
  8795 | D:8      | Noticed a green ugly thing
  8795 | D:8      | Noticed a green ugly thing
  8797 | D:8      | Noticed a red ugly thing
  9523 | D:9      | Found a stormy altar of Qazlal.
  9523 | D:9      | Found a shadowy altar of Dithmenos.
  9603 | D:9      | Reached skill level 14 in Axes
  9788 | D:9      | Found a staircase to the Orcish Mines.
 10674 | D:10     | Entered Level 10 of the Dungeon
 10802 | D:10     | Noticed a two-headed ogre
 10822 | D:10     | Killed a two-headed ogre
 10823 | D:10     | Reached skill level 15 in Axes
 10942 | D:10     | Identified the +6 glaive "Ivorod" {holy, rElec rC++}
 11326 | D:10     | You fall into a shaft and drop 1 floor!
 11350 | D:11     | Reached XP level 11. HP: 95/97 MP: 14/14
 11350 | D:11     | Acquired a manual of Bows
 11968 | D:11     | Noticed Psyche
 11971 | D:11     | Killed Psyche
 12049 | D:11     | Reached skill level 16 in Axes
 12500 | D:11     | Noticed Urug
 12515 | D:11     | Killed Urug
 12875 | D:10     | Noticed Sonja
 12881 | D:10     | HP: 7/145 [Sonja/+2 dagger of distortion (2)]
 12882 | D:10     | Mangled by Sonja

Illustrated notes

Levels and vault maps discovered:
D:1:      dpeg_arrival_short_road, layout_basic, basic_ecumenical_altar,
          minmay_rat_gold_closets
D:2:      layout_basic, serial_rivers, chequers_serial_rivers_micro_a,
          chequers_serial_rivers_small_a, chequers_serial_rivers_small_3,
          chequers_serial_rivers_small_a, serial_bayou_pond_b,
          minmay_misc_feat_iff
D:3:      layout_loops_corners
D:4:      layout_rooms, kennysheep_generic_room_14, uniq_eustachio
D:5:      layout_basic, okawaru_metal_pillars_1_2, kennysheep_generic_room_12
D:6:      layout_cave_pools, minmay_temple_entry_glassed_door,
          gammafunk_ghost_nasty_kobolds, chequers_jeans, grunt_decor_one_mirror,
          minmay_splitting_lines, chequers_serial_rivers_large_a,
          uniq_blork_the_orc, uniq_sigmund
D:7:      lemuel_ice_statue, layout_loops_ring
D:8:      layout_rooms, chequers_temple_overflow_minitemple, tgw_xom,
          grunt_temple_overflow_diamond,
          ploomutoo_gammafunk_ghost_potion_laboratory, hex_tiny, uniq_harold,
          uniq_maurice
D:9:      layout_loops_corners, gammafunk_temple_overflow_elements, david_orc_2,
          special_room [special_room_orc]
D:10:     layout_loops_ring, lair_entry_dummy, uniq_sonja
D:11:     layout_roguey, uniq_psyche, uniq_urug
Temple:   nicolae_temple_x_marks_the_god

Skill      XL: |  1  2  3  4  5  6  7  8  9 10 11 |
---------------+----------------------------------+-----
Axes           | 1 2 3 4 5 6 8 10 12 15 16 | 16.7
Fighting       | 3 4 5 6 7 9 |  9.1
Invocations    | 1 2 3 5 6 |  6.6
Bows           | |  4.5
Dodging        | |  2.2
Stealth        | |  0.8

Action                   |  1- 3 |  4- 6 |  7- 9 | 10-12 || total
-------------------------+-------+-------+-------+-------++-------
Melee: Battleaxe         |    54 |    77 |   169 |   194 ||   494
       Headbutt          |     2 |    11 |    18 |    42 ||    73
 Fire: Shortbow          |    20 |    24 |    27 |    35 ||   106
Throw: Dart              |       |       |       |    20 ||    20
       Javelin           |       |       |       |     5 ||     5
       Throwing net      |       |       |       |     3 ||     3
Invok: Stomp             |       |       |     2 |     2 ||     4
       Line Pass         |       |       |       |     1 ||     1
Evoke: Wand              |       |       |       |     3 ||     3
  Use: Scroll            |     4 |    10 |     6 |     4 ||    24
       Potion            |       |       |     5 |     1 ||     6
 Stab: Paralysed         |       |       |     9 |    10 ||    19
       Held in net/web   |       |       |       |     2 ||     2
Armor: Leather armour    |     4 |       |       |       ||     4
       Ring mail         |    23 |    42 |    64 |    47 ||   176
       Scale mail        |       |       |       |     8 ||     8
Dodge: Dodged            |    45 |    55 |   118 |   102 ||   320

Table legend: (Time is in decaauts)
 A = Elapsed time spent in this place.
 B = Non-inter-level travel time spent in this place.
 C = Inter-level travel time spent in this place.
 D = Time resting spent in this place.
 E = Time spent auto-exploring this place.
 F = Levels seen in this place.
 G = Mean time per level.
                   A        B        C        D        E       F      G
               +--------+--------+--------+--------+--------+-----+--------+
         Total |  13010 |  12694 |    316 |   2370 |   8496 |  12 | 1084.2 |
       Dungeon |  12939 |  12623 |    316 |   2370 |   8496 |  11 | 1176.3 |
        Temple |     71 |     71 |      0 |      0 |      0 |   1 |   71.0 |
               +--------+--------+--------+--------+--------+-----+--------+

Top non-repeatable levels by time:
     D:6: 1726 daAuts
     D:9: 1628 daAuts
     D:3: 1464 daAuts
     D:7: 1363 daAuts
    D:11: 1278 daAuts
     D:5: 1104 daAuts
     D:2: 1000 daAuts
    D:10: 927 daAuts
     D:4: 871 daAuts
     D:1: 847 daAuts
     D:8: 725 daAuts
  Temple: 71 daAuts
